 Dungeon Crawl Stone Soup version 0.22-a0-246-gdc04c06 (webtiles) character file.

74 galech the Ruffian (level 4, -15/45 HPs)
             Began as a Troll Monk on Feb 22, 2018.
             Demolished by an ogre
             ... wielding a +0 giant club
              (19 damage)
             ... on level 3 of the Dungeon.
             The game lasted 00:02:34 (1369 turns).

galech the Ruffian (Troll Monk)                     Turns: 1369, Time: 00:02:34

Health: -15/45     AC:  5    Str: 20    XL:     4   Next: 9%
Magic:  3/3        EV: 11    Int:  6    God:
Gold:   89         SH:  0    Dex: 12    Spells: 3/3 levels left

rFire    . . .     SeeInvis .     - Unarmed
rCold    . . .     Gourm    +   (no shield)
rNeg     . . .     Faith    .   a - +0 robe
rPois    .         Spirit   .   (helmet restricted)
rElec    .         Reflect  .   (no cloak)
rCorr    +         Harm     .   (gloves unavailable)
MR       .....                  (boots unavailable)
Stlth    ++........             (no amulet)
HPRegen  0.55/turn              f - ring of resist corrosion
MPRegen  0.08/turn              (no ring)

@: no status effects
A: large, unfitting armour, claws 3, fast metabolism 3, gourmand, regeneration
1, shaggy fur 1, tough skin 2
a: no special abilities


You were on level 3 of the Dungeon.
You were completely stuffed.

You visited 1 branch of the dungeon, and saw 3 of its levels.

You collected 89 gold pieces.

Inventory:

Armour
 a - a +0 robe (worn)
Jewellery
 f - a ring of resist corrosion (left claw)
Scrolls
 c - a scroll of random uselessness {unknown}
 d - a scroll of fear {unknown}
 g - a scroll of fog {unknown}
 i - a scroll of blinking {unknown}
 k - 2 scrolls of identify {unknown}
 n - a scroll of teleportation {unknown}
Potions
 e - 3 potions of curing {unknown}
 h - a potion of flight {unknown}
 j - a potion of mutation {unknown}
 m - a potion of cancellation {unknown}
 o - 2 potions of lignification {unknown}
Comestibles
 b - 6 rations
 l - 2 chunks of flesh


   Skills:
 + Level 3.0 Fighting
 + Level 3.1 Dodging
 - Level 1.0 Stealth
 + Level 3.7 Unarmed Combat


You had 3 spell levels left.
You didn't know any spells.

Dungeon Overview and Level Annotations

Branches:
Dungeon (3/15)

Altars:
Nemelex Xobeh
Qazlal
Uskayaw


Innate Abilities, Weirdness & Mutations

You are too large for most types of armour.
You have claws for hands.
Your metabolism is lightning-fast.
You like to eat raw meat.
Your natural rate of healing is unusually fast.
You are covered in fur. (AC +1)
You have very tough skin. (AC +2)


Message History

You are too injured to fight recklessly!
You are too injured to fight recklessly!
You are too injured to fight recklessly!
You are too injured to fight recklessly!
You are too injured to fight recklessly!
You are too injured to fight recklessly!
You are too injured to fight recklessly!
You are too injured to fight recklessly!
You are too injured to fight recklessly!
You are too injured to fight recklessly!
You barely miss the ogre.
The ogre is heavily wounded.
You claw the ogre!
The ogre is almost dead.
The ogre hits you with a giant club!
* * * LOW HITPOINT WARNING * * *
You barely miss the ogre.
The ogre is almost dead.
The ogre hits you with a giant club!!
You die...

#################
................#
...#...#...#...###
......O@.........#
...#...#...#..)#.#
.................#
################.#
#...# #..# ...##
#...# #.## ....##
#...# #.# .....
#...###.## ...# ..
..## #........##


You could see an ogre.

Vanquished Creatures
  3 adders (D:2)
  A worm (D:2)
  4 leopard geckos
  7 bats
  2 giant cockroaches (D:1)
  4 hobgoblins
  A quokka (D:2)
  6 frilled lizards
  3 goblins
  7 kobolds
  4 rats
42 creatures vanquished.

Notes
Turn   | Place    | Note
-------+----------+-------------------------------------------
     0 | D:1      | galech the Troll Monk began the quest for the Orb.
     0 | D:1      | Reached XP level 1. HP: 22/22 MP: 0/0
   256 | D:1      | Reached XP level 2. HP: 28/29 MP: 1/1
   690 | D:2      | Found a stormy altar of Qazlal.
   819 | D:2      | Found a sparkling altar of Nemelex Xobeh.
   931 | D:2      | Reached XP level 3. HP: 36/36 MP: 2/2
  1095 | D:2      | Reached XP level 4. HP: 43/45 MP: 3/3
  1284 | D:3      | Found a hide-covered altar of Uskayaw.
  1358 | D:3      | Noticed an ogre
  1369 | D:3      | Demolished by an ogre

Vault maps used:
D:1:      evilmike_arrival_fibonacci_small
D:2:      nemelex_xobeh_ov_fountains_minmay, grunt_qazlal_clouds,
          hangedman_decor_riveting
D:3:      eat_drink_and_be_merry_uskayaw, lemuel_zombie_altar_yredelemnul,
          lemuel_coloured_pillars_altar, first_ration

Skill      XL: |  1  2  3 |
---------------+----------+-----
Fighting       | 3 |  3.0
Dodging        | 3 |  3.1
Stealth        | |  1.0
Unarmed Combat | |  3.7

Action                   |  1- 3 |  4- 6 || total
-------------------------+-------+-------++-------
Melee: Unarmed           |    99 |    26 ||   125
 Stab: Sleeping          |     6 |       ||     6
  Eat: Chunk             |    16 |     2 ||    18
Armor: Robe              |    33 |     7 ||    40
Dodge: Dodged            |    57 |     9 ||    66

Table legend:
 A = Spawn XP
 B = Non-spawn XP
 C = Spawn XP percentage of total XP
 D = Spawn monster count
 E = Non-spawn monster count
 F = Spawn count percentage of total count
 G = Total turns spent on level
                    A         B        C        D         E        F      G
               +---------+---------+-------+---------+---------+-------+---------
         Total |       0 |     106 |   0.0 |       0 |      42 |   0.0 |  1369
               +---------+---------+-------+---------+---------+-------+---------
           D:1 |       0 |      22 |   0.0 |       0 |      14 |   0.0 |   656
           D:2 |       0 |      79 |   0.0 |       0 |      25 |   0.0 |   615
           D:3 |       0 |       5 |   0.0 |       0 |       3 |   0.0 |    98
               +---------+---------+-------+---------+---------+-------+---------
